 Dungeon Crawl Stone Soup version 0.31-a0-267-g3fc6992b3b (webtiles) character file.

Game seed: 15290656240739571853

4104 qw the Skirmisher (level 10, 0/88 HPs)
             Began as a Minotaur Hexslinger on July 14, 2023.
             Was a Follower of Okawaru.
             Slain by a yak (10 damage)
             ... on level 8 of the Dungeon.
             The game lasted 00:03:17 (7653 turns).

qw the Skirmisher (Minotaur Hexslinger)             Turns: 7653, Time: 00:03:18

Health: 0/88       AC: 13    Str: 14    XL:     10   Next: 6%
Magic:  22/24      EV: 17    Int: 10    God:    Okawaru [*.....]
Gold:   110        SH:  0    Dex: 16    Spells: 10/11 levels left

rFire   + + .        Y - +2 sling (freeze)
rCold   . . .        (no shield)
rNeg    . . .        h - +2 leather armour {rPois}
rPois   +            (helmet restricted)
rElec   .            g - +0 cloak
rCorr   .            j - +2 pair of gloves
SInv    .            e - +1 pair of boots
Will    .....        a
                       - Hermit's Pendant {Faith Invo=14 Evo=0 MP+5}
Stlth   +++          f - ring of protection from fire
HPRegen 0.34/turn    l - ring of protection from fire
MPRegen 0.19/turn

%: faith
@: heroic
A: horns 2, retaliatory headbutt
a: Renounce Religion, Heroism


You were on level 8 of the Dungeon.
You worshipped Okawaru.
Okawaru was aware of your devotion.
You visited 2 branches of the dungeon, and saw 9 of its levels.

You collected 359 gold pieces.
You spent 249 gold pieces at shops.


Innate Abilities, Weirdness & Mutations

You have a pair of horns on your head.
You reflexively headbutt those who attack you in melee.


   Skills:
 - Level 8.0(13.0) Fighting
 + Level 12.1(17.1) Ranged Weapons
 - Level 3.5(8.5) Armour
 - Level 5.1(10.1) Dodging
 - Level 1.0 Spellcasting
 - Level 2.0 Hexes
 - Level 4.1(14.0) Invocations


You had 10 spell levels left.
You knew the following spells:

 Your Spells              Type           Power      Damage    Failure   Level
a - Slow                  Hex            16%        N/A       19%         1

Your spell library contained the following spells:

 Spells                   Type           Power      Damage    Failure   Level
 Inner Flame              Hex/Fire       2%         N/A       63%         3
 Portal Projectile        Hex/Tloc       4%         N/A       63%         3
 Cause Fear               Hex            2%         N/A       87%         4

Inventory:

Hand Weapons
 Y - a +2 sling of freezing (weapon)
Armour
 c - a +3 ring mail of fire resistance
 e - a +1 pair of boots (worn)
 g - a +0 cloak (worn)
 h - a +2 leather armour of poison resistance (worn)
 j - a +2 pair of gloves (worn)
Jewellery
 a - the Hermit's Pendant (around neck) {Faith Invo=14 Evo=0 MP+5}
   (You found it on level 6 of the Dungeon)

   [amulet of faith]

   Invo=14: It sets your Invocations skill to 14.
   Evo=0: It sets your Evocations skill to 0.
   It allows you to gain divine favour quickly.
   MP:        It affects your magic capacity (+5).
 f - a ring of protection from fire (left hand)
 l - a ring of protection from fire (right hand)
Wands
 n - a wand of digging (6)
Scrolls
 d - 3 scrolls of identify
Potions
 b - a potion of haste
 i - 2 potions of mutation
 k - 4 potions of curing
 m - a potion of cancellation

Dungeon Overview and Level Annotations

Branches:
Dungeon (8/15)             Temple (1/1) D:5
   Lair: D:8-11

Altars:
Dithmenos
Fedhas
Gozag
Hepliaklqana
Kikubaaqudgha
Makhleb
Nemelex Xobeh
Okawaru
Qazlal
Ru
Sif Muna
Trog
Uskayaw
Wu Jian
Xom
Yredelemnul
Zin
The Shining One

Shops:
D:1 *   D:5 *   D:6 ?

Annotations:
D:7 2 runed translucent doors, qw's ghost, novice MiHs


Message History

You furiously retaliate!
You headbutt the yak!
You kill the yak!
Okawaru accepts your kill. The yak gores you but does no damage.
The yak closely misses you.
Your base Invocations skill increases to level 4!
You shoot a sling bullet. The sling bullet hits the yak.
The sling bullet freezes the yak.
The yak is heavily wounded.
The yak gores you!
The yak completely misses you. x2; You furiously retaliate!
You headbutt the yak! The yak gores you!
You shoot a sling bullet.
The sling bullet closely misses the yak.
You shoot a sling bullet. The sling bullet hits the yak.
The sling bullet freezes the yak.
The yak is severely wounded.
The yak gores you! The yak barely misses you. You furiously retaliate!
You headbutt the yak, but do no damage. The yak closely misses you.
You furiously retaliate!
You headbutt the yak! The yak barely misses you.
You shoot a sling bullet. The sling bullet hits the yak!
The sling bullet freezes the yak.
You kill the yak!
Okawaru accepts your kill. The yak misses you. The yak closely misses you.
You furiously retaliate!
You headbutt the yak. The yak barely misses you. You furiously retaliate!
You headbutt the yak.
Your base Dodging skill increases to level 5!
You have reached level 10!
You shoot a sling bullet.
The sling bullet hits the yak but does no damage.
The yak is heavily wounded.
The yak gores you. The yak barely misses you. x2
You shoot a sling bullet. The sling bullet hits the yak!
The sling bullet freezes the yak!
You kill the yak!
Okawaru accepts your kill.
You shoot a sling bullet. The sling bullet hits the yak.
The sling bullet freezes the yak.
The yak is moderately wounded.
The yak misses you. The yak gores you!
You die...

.....# #.# .....# ##.#
.....# #.## .....# ##.#
.....# #.)# #### ....##
#.## ...## ....# #####.#
##....###
....####.....###%Y......
....#....####...@%......
.....##### ##...Y...###
..#### #......## ###
##..###### #........
#....~... #..~.~..~
#.....~.~ #...~~~~.


You could see 2 yaks.

Vanquished Creatures
  A troll (D:8)
  Prince Ribbit (D:5)
  Sigmund (D:5)
  Eustachio (D:5)
  4 yaks (D:8)
  Menkaure (D:4)
  Duvessa (D:7)
  2 ice beasts (D:5)
  A sky beast (D:6)
  3 black bears
  2 orc warriors
  2 ogres
  4 wolves (D:8)
  A bullfrog (D:8)
  2 scorpions
  3 wights (D:7)
  Dowan (D:7)
  3 howler monkeys
  3 electric eels (D:8)
  6 hounds
  2 orc priests
  A jelly (D:5)
  A sleepcap (D:5)
  6 iguanas
  3 orc wizards
  7 gnolls
  9 adders
  A white imp (D:6)
  A worm (D:4)
  2 dart slugs
  14 orcs
  7 endoplasms
  5 giant cockroaches
  8 goblins
  6 hobgoblins
  2 quokkas
  8 ball pythons
  6 bats
  A frilled lizard (D:2)
  9 kobolds
  8 rats
150 creatures vanquished.

Notes
Turn   | Place    | Note
-------+----------+-------------------------------------------
     0 | D:1      | qw the Minotaur Hexslinger began the quest for the Orb.
     0 | D:1      | Reached XP level 1. HP: 16/16 MP: 1/1
     0 | D:1      | 0 ||| qw: Version: 0.3-a-52-g30416fa
     0 | D:1      | 0 ||| qw: Game counter: 7851
     0 | D:1      | 0 ||| qw: Melee chars always use a shield: true
     0 | D:1      | 0 ||| qw: God list: Okawaru
     0 | D:1      | 0 ||| qw: Allow faded altars: false
     0 | D:1      | 0 ||| qw: Do Orc after clearing Dungeon:15 true
     0 | D:1      | 0 ||| qw: Do second Lair branch before Depths: true
     0 | D:1      | 0 ||| qw: Lair rune preference: random
     0 | D:1      | 0 ||| qw: Goals: Normal
     0 | D:1      | 0 ||| PLANNING D:1-11
   114 | D:1      | Reached skill level 3 in Ranged Weapons
   128 | D:1      | Reached XP level 2. HP: 23/23 MP: 2/2
   476 | D:1      | Found a faded altar of an unknown god.
   591 | D:1      | Found Tiusot's General Store.
   597 | D:1      | 597 ||| BUYING potion of curing (36 gold).
   597 | D:1      | Bought a potion of curing for 36 gold pieces
   597 | D:1      | 597 ||| BUYING scroll of identify (24 gold).
   597 | D:1      | Bought a scroll of identify for 24 gold pieces
   650 | D:1      | 650 ||| UPGRADING to +0 pair of boots.
   655 | D:1      | 655 ||| UPGRADING to +0 cloak.
   660 | D:1      | 660 ||| UPGRADING to +0 pair of gloves.
   665 | D:1      | 665 ||| READING scroll labelled GAR REXZUSISHO.
   766 | D:1      | 766 ||| READING scroll labelled POITACAASO.
   771 | D:1      | 771 ||| READING scroll labelled WYL POJEYRR.
   772 | D:1      | 772 ||| READING 3 scrolls of identify.
   772 | D:1      | 772 ||| IDENTIFYING glowing orange potion
   773 | D:1      | 773 ||| DROPPING scroll of poison.
   774 | D:1      | 774 ||| DROPPING potion of degeneration.
   802 | D:2      | Reached XP level 3. HP: 21/29 MP: 3/3
   860 | D:2      | Reached skill level 4 in Ranged Weapons
  1577 | D:2      | 1577 ||| UPGRADING to +0 leather armour.
  1587 | D:2      | 1587 ||| DROPPING +0 robe.
  1588 | D:2      | 1588 ||| READING scroll labelled XOENAS PIECUREU.
  1668 | D:3      | Reached XP level 4. HP: 36/36 MP: 4/4
  1735 | D:3      | Reached skill level 1 in Armour
  2425 | D:3      | 2425 ||| UPGRADING to +0 ring mail.
  2435 | D:3      | 2435 ||| DROPPING +0 leather armour.
  2436 | D:3      | 2436 ||| UPGRADING to ring of protection from fire.
  2437 | D:3      | 2437 ||| READING scroll labelled JINTAC LULEL.
  2438 | D:3      | 2438 ||| DRINKING 2 bubbling silvery potions.
  2439 | D:3      | 2439 ||| READING 3 scrolls of identify.
  2439 | D:3      | 2439 ||| IDENTIFYING viscous grey potion
  2440 | D:3      | 2440 ||| READING 2 scrolls of identify.
  2440 | D:3      | 2440 ||| IDENTIFYING glowing grey potion
  2441 | D:3      | 2441 ||| DROPPING potion of lignification.
  2483 | D:4      | Reached skill level 5 in Ranged Weapons
  2483 | D:4      | Reached XP level 5. HP: 40/41 MP: 5/5
  2794 | D:4      | Reached skill level 3 in Fighting
  2861 | D:4      | Found a blossoming altar of Fedhas.
  3045 | D:4      | Reached skill level 6 in Ranged Weapons
  3045 | D:4      | Reached XP level 6. HP: 50/51 MP: 6/6
  3216 | D:4      | 3216 ||| DROPPING scarf of shadows.
  3217 | D:4      | 3217 ||| DROPPING ring of fire.
  3218 | D:4      | 3218 ||| UPGRADING to ring of protection from fire.
  3219 | D:4      | 3219 ||| READING scroll labelled SIASINN GIFREN.
  3220 | D:4      | 3220 ||| READING 4 scrolls labelled GOREIMMIHE.
  3221 | D:4      | 3221 ||| READING 3 scrolls of enchant armour.
  3221 | D:4      | 3221 ||| ENCHANTING +0 pair of gloves.
  3222 | D:4      | 3222 ||| READING 2 scrolls of enchant armour.
  3222 | D:4      | 3222 ||| ENCHANTING +1 pair of gloves.
  3223 | D:4      | 3223 ||| READING scroll of enchant armour.
  3223 | D:4      | 3223 ||| ENCHANTING +0 pair of boots.
  3224 | D:4      | 3224 ||| DRINKING 2 sapphire potions.
  3225 | D:4      | 3225 ||| DROPPING potion of brilliance.
  3264 | D:5      | Entered Level 5 of the Dungeon
  3275 | D:5      | 3275 ||| STAIRDANCE
  3284 | D:4      | HP: 11/51 [iguana (10)]
  3285 | D:4      | 3285 ||| DRINKING 2 potions of heal wounds.
  3376 | D:5      | Noticed an ice beast
  3384 | D:5      | Killed an ice beast
  3385 | D:5      | Reached skill level 7 in Ranged Weapons
  3385 | D:5      | Reached XP level 7. HP: 52/59 MP: 7/7
  3413 | D:5      | Noticed Eustachio
  3445 | D:5      | 3445 ||| FLEEEEING.
  3452 | D:5      | 3452 ||| FLEEEEING.
  3453 | D:5      | 3453 ||| FLEEEEING.
  3455 | D:5      | 3455 ||| FLEEEEING.
  3456 | D:5      | 3456 ||| FLEEEEING.
  3457 | D:5      | 3457 ||| FLEEEEING.
  3458 | D:5      | 3458 ||| STAIRDANCE
  3503 | D:5      | Killed Eustachio
  3504 | D:5      | Reached skill level 8 in Ranged Weapons
  3557 | D:5      | Noticed Prince Ribbit
  3578 | D:5      | Killed Prince Ribbit
  3668 | D:5      | Found a shimmering blue altar of Sif Muna.
  3765 | D:5      | Noticed Sigmund
  3778 | D:5      | Killed Sigmund
  3779 | D:5      | Reached skill level 9 in Ranged Weapons
  3779 | D:5      | Reached XP level 8. HP: 56/70 MP: 8/8
  3779 | D:5      | 3779 ||| DRINKING 3 potions of curing.
  3779 | D:5      | 3779 ||| (to cure confusion)
  3856 | D:5      | Reached skill level 3 in Armour
  3896 | D:5      | Reached skill level 6 in Fighting
  3907 | D:5      | Noticed Menkaure
  3909 | D:5      | 3909 ||| FLEEEEING.
  3910 | D:5      | 3910 ||| FLEEEEING.
  3911 | D:5      | 3911 ||| FLEEEEING.
  3912 | D:5      | 3912 ||| FLEEEEING.
  3913 | D:5      | 3913 ||| FLEEEEING.
  3914 | D:5      | 3914 ||| FLEEEEING.
  3915 | D:5      | 3915 ||| FLEEEEING.
  3928 | D:5      | 3928 ||| FLEEEEING.
  3929 | D:5      | 3929 ||| FLEEEEING.
  3943 | D:5      | 3943 ||| FLEEEEING.
  3944 | D:5      | 3944 ||| FLEEEEING.
  3945 | D:5      | 3945 ||| FLEEEEING.
  3954 | D:5      | 3954 ||| STAIRDANCE
  4016 | D:4      | 4016 ||| UPGRADING to amulet of guardian spirit.
  4021 | D:4      | 4021 ||| READING scroll labelled CIAS BEDUEWO.
  4031 | D:5      | 4031 ||| STAIRDANCE
  4033 | D:4      | HP: 14/70 [Menkaure (17)]
  4034 | D:4      | 4034 ||| READING scroll of teleportation.
  4035 | D:4      | 4035 ||| DRINKING potion of heal wounds.
  4036 | D:4      | Killed Menkaure
  4037 | D:4      | Reached skill level 3 in Dodging
  4215 | D:5      | Found Onaj's Assorted Antiques.
  4414 | D:5      | 4414 ||| BUYING glowing golden potion (21 gold).
  4414 | D:5      | Bought a glowing golden potion for 21 gold pieces
  4414 | D:5      | 4414 ||| SHOPLISTING potion of mutation (192 gold, have
                  | 148).
  4414 | D:5      | 4414 ||| BUYING runed leather armour (120 gold).
  4414 | D:5      | Bought a runed leather armour for 120 gold pieces
  4414 | D:5      | 4414 ||| BUYING scroll labelled HUEXEG WYENWO (24 gold).
  4414 | D:5      | Bought a scroll labelled HUEXEG WYENWO for 24 gold pieces
  4414 | D:5      | 4414 ||| SHOPLISTING scroll labelled JEUPRU WYIJOX (24
                  | gold, have 4).
  4414 | D:5      | 4414 ||| SHOPLISTING scroll of teleportation (72 gold, have
                  | 4).
  4447 | D:5      | Found a staircase to the Ecumenical Temple.
  4448 | D:5      | 4448 ||| PLANNING TEMPLE
  4448 | D:5      | 4448 ||| UPGRADING to +2 leather armour of poison
                  | resistance.
  4458 | D:5      | 4458 ||| DROPPING +0 ring mail.
  4459 | D:5      | 4459 ||| READING scroll labelled HUEXEG WYENWO.
  4460 | D:5      | 4460 ||| READING 2 scrolls of identify.
  4460 | D:5      | 4460 ||| IDENTIFYING glowing golden potion
  4461 | D:5      | 4461 ||| DROPPING potion of attraction.
  4470 | Temple   | Entered the Ecumenical Temple
  4570 | Temple   | 4570 ||| PLANNING D:1-11
  4681 | D:6      | Identified the +10 whip "Jicy" {flame, *Slow rPois Dex+7}
  4798 | D:6      | Reached skill level 10 in Ranged Weapons
  4850 | D:6      | Found the Hermit's Pendant {Faith Invo=14 Evo=0 MP+5}
  4972 | D:6      | Found Piebuoki's Magic Scroll Shop.
  4981 | D:6      | 4981 ||| SHOPLISTING scroll of enchant weapon (90 gold,
                  | have 31).
  4981 | D:6      | 4981 ||| BUYING scroll of identify (24 gold).
  4981 | D:6      | Bought a scroll of identify for 24 gold pieces
  4981 | D:6      | 4981 ||| SHOPLISTING scroll of identify (24 gold, have 7).
  4981 | D:6      | 4981 ||| SHOPLISTING scroll of teleportation (36 gold, have
                  | 7).
  4986 | D:6      | 4986 ||| Stepping ~*~*~tactically~*~*~ (outnumbered).
  4989 | D:6      | 4989 ||| Stepping ~*~*~tactically~*~*~ (outnumbered).
  5004 | D:6      | Found a bloodstained altar of Trog.
  5189 | D:6      | Found a stormy altar of Qazlal.
  5589 | D:6      | 5589 ||| UPGRADING to Hermit's Pendant {Faith Invo=14 Evo=0
                  | MP+5}.
  5677 | D:6      | 5677 ||| DROPPING amulet of guardian spirit.
  5678 | D:6      | 5678 ||| READING scroll labelled ALEITHOARPH.
  5721 | D:7      | 5721 ||| STAIRDANCE
  5731 | D:6      | Reached XP level 9. HP: 70/79 MP: 18/18
  5777 | D:7      | Found a shadowy altar of Dithmenos.
  5780 | D:7      | Found an iron altar of Okawaru.
  5781 | D:7      | 5781 ||| PLANNING OKAWARU WORSHIP
  5781 | D:7      | 5781 ||| READING 3 scrolls of identify.
  5781 | D:7      | 5781 ||| IDENTIFYING brown potion
  5782 | D:7      | 5782 ||| DROPPING potion of invisibility.
  5787 | D:7      | Became a worshipper of Warmaster Okawaru
  5788 | D:7      | 5788 ||| PLANNING D:1-11
  5792 | D:7      | Found a sacrificial altar of Ru.
  5857 | D:7      | HP: 18/73 [wight/+2 halberd (1)]
  5858 | D:7      | 5858 ||| DRINKING 2 potions of heal wounds.
  5865 | D:7      | HP: 18/72 [wight/+2 halberd (7)]
  5866 | D:7      | 5866 ||| DRINKING potion of heal wounds.
  6009 | D:7      | Noticed Dowan
  6010 | D:7      | Noticed Duvessa
  6038 | D:7      | Killed Duvessa
  6043 | D:7      | Killed Dowan
  6044 | D:7      | Reached skill level 11 in Ranged Weapons
  6265 | D:7      | 6265 ||| Stepping ~*~*~tactically~*~*~ (outnumbered).
  6270 | D:7      | 6270 ||| Stepping ~*~*~tactically~*~*~ (outnumbered).
  6282 | D:7      | 6282 ||| FLEEEEING.
  6284 | D:7      | 6284 ||| FLEEEEING.
  6285 | D:7      | 6285 ||| FLEEEEING.
  6286 | D:7      | 6286 ||| FLEEEEING.
  6287 | D:7      | 6287 ||| FLEEEEING.
  6288 | D:7      | 6288 ||| FLEEEEING.
  6290 | D:7      | 6290 ||| FLEEEEING.
  6291 | D:7      | 6291 ||| FLEEEEING.
  6292 | D:7      | 6292 ||| FLEEEEING.
  6293 | D:7      | 6293 ||| FLEEEEING.
  6294 | D:7      | 6294 ||| FLEEEEING.
  6295 | D:7      | 6295 ||| FLEEEEING.
  6296 | D:7      | 6296 ||| FLEEEEING.
  6434 | D:7      | Found a large runed translucent door.
  6435 | D:7      | Found a large runed translucent door.
  6437 | D:7      | Noticed qw's ghost (novice MiHs)
  6459 | D:7      | Found a glowing golden altar of the Shining One.
  6461 | D:7      | Noticed an angel
  6470 | D:7      | Found a basalt altar of Yredelemnul.
  6642 | D:7      | Reached * piety under Okawaru
  6899 | D:7      | 6899 ||| DROPPING +2 robe of cold resistance.
  6900 | D:7      | 6900 ||| READING scroll labelled OCOMPET RENACI.
  6901 | D:7      | 6901 ||| READING scroll labelled YPYUDAUTRIO.
  6902 | D:7      | 6902 ||| READING scroll labelled FEARECR REONA.
  6903 | D:7      | 6903 ||| READING 4 scrolls of identify.
  6903 | D:7      | 6903 ||| IDENTIFYING clear potion
  6992 | D:8      | 6992 ||| INVOKING Heroism.
  7001 | D:8      | 7001 ||| Stepping ~*~*~tactically~*~*~ (outnumbered).
  7006 | D:8      | Reached skill level 1 in Invocations
  7006 | D:8      | Noticed a troll
  7013 | D:8      | Reached skill level 12 in Ranged Weapons
  7014 | D:8      | 7014 ||| FLEEEEING.
  7015 | D:8      | 7015 ||| FLEEEEING.
  7021 | D:8      | 7021 ||| STAIRDANCE
  7199 | D:7      | 7199 ||| DRINKING 2 murky dark potions.
  7240 | D:8      | 7240 ||| INVOKING Heroism.
  7253 | D:8      | Killed a troll
  7321 | D:8      | 7321 ||| INVOKING Heroism.
  7326 | D:8      | Reached skill level 3 in Invocations
  7475 | D:8      | 7475 ||| INVOKING Heroism.
  7644 | D:8      | 7644 ||| INVOKING Heroism.
  7645 | D:8      | HP: 14/81 [yak (8)]
  7646 | D:8      | 7646 ||| DRINKING potion of heal wounds.
  7651 | D:8      | Reached XP level 10. HP: 11/88 MP: 19/19
  7651 | D:8      | HP: 9/88 [yak (2)]
  7653 | D:8      | Slain by a yak

Levels and vault maps discovered:
D:1:      tarquinn_simple_flora_water_a, layout_loops_ring,
          hellmonk_ecumenical_altar_crossroads, serial_shops, shop
D:2:      layout_basic
D:3:      layout_basic, hangedman_feature_mirror
D:4:      minmay_evil_eye, layout_loops_ring, kennysheep_mini_moat
D:5:      layout_rooms, nicolae_sif_muna_little_library,
          minmay_temple_entry_poolview, serial_shops,
          nicolae_shop_window_shopping, uniq_prince_ribbit1, uniq_menkaure,
          uniq_eustachio, uniq_sigmund
D:6:      layout_loops_ring, mainiacjoe_overflow_alcove_4, trog_hazing_becter,
          serial_shops, shop, minmay_door_square, minmay_misc_feat_roman
D:7:      layout_gridville, grunt_temple_overflow_holy_war,
          grunt_temple_overflow_diamond, ebering_ghost_disaster_area,
          dreamdust_gnoll_farm, uniq_duvessa
D:8:      layout_cave_pods, erik_lair_island, nicolae_figureground_pulse
Temple:   hellmonk_temple_beads

Skill      XL: |  1  2  3  4  5  6  7  8  9 |
---------------+----------------------------+-----
Ranged Weapons | 3 4 5 6 7 9 10 12 | 12.1
Fighting       | 2 3 4 5 7 8 |  8.0
Armour         | 1 2 3 |  3.5
Dodging        | 3 5 |  5.1
Invocations    | 4 |  4.1
Spellcasting   | |  1.0
Hexes          | |  2.0

Action                     |  1- 3 |  4- 6 |  7- 9 | 10-12 || total
---------------------------+-------+-------+-------+-------++-------
   Fire: Sling             |   100 |   153 |   455 |     3 ||   711
 Invoke: Heroism           |       |       |     5 |       ||     5
    Use: Scroll            |     5 |     8 |    10 |       ||    23
         Potion            |       |     3 |     6 |       ||     9
 Armour: Robe              |     4 |       |       |       ||     4
         Leather armour    |       |    10 |    66 |       ||    76
         Ring mail         |       |    26 |    52 |       ||    78
  Dodge: Dodged            |    16 |    53 |   196 |     3 ||   268

Table legend:
 A = Non-vault XP
 B = Vault XP
 C = Vault XP percentage of total XP
 D = Non-vault monster count
 E = Vault monster count
 F = Vault count percentage of total count
                 A         B        C        D         E       F
            +---------+---------+-------+---------+---------+-------
      Total |    3789 |    2074 |  35.4 |     123 |      27 |  18.0
            +---------+---------+-------+---------+---------+-------
        D:1 |      37 |       0 |   0.0 |      21 |       0 |   0.0
        D:2 |      59 |       0 |   0.0 |      16 |       0 |   0.0
        D:3 |      58 |       0 |   0.0 |      19 |       0 |   0.0
        D:4 |     378 |     186 |  33.0 |      16 |       4 |  20.0
        D:5 |     686 |     701 |  50.5 |      17 |       3 |  15.0
        D:6 |     737 |       9 |   1.2 |      10 |       6 |  37.5
        D:7 |     537 |     301 |  35.9 |      12 |       6 |  33.3
        D:8 |    1297 |     877 |  40.3 |      12 |       8 |  40.0
            +---------+---------+-------+---------+---------+-------
